 Dungeon Crawl Stone Soup version 0.19-a0-687-g35db334 (webtiles) character file.

1434779 zinstreak the Acrobat (level 26, 212/299 HPs)
             Began as an Ogre Monk on June 18, 2016.
             Was the Champion of Zin.
             Escaped with the Orb
             ... and 3 runes on June 19, 2016!
             The game lasted 02:18:20 (89206 turns).

zinstreak the Acrobat (Ogre Monk)                  Turns: 89206, Time: 02:18:21

Health: 212/299    AC: 22    Str: 19    XL:     26   Next: 9%
Magic:  33/33      EV: 33    Int:  9    God:    Zin [******]
Gold:   3410       SH: 16    Dex: 19    Spells: 5 memorised, 18 levels left

rFire  + + +     SeeInvis .     q - +9 eveningstar (distort)
rCold  . . .     Gourm    .     K - quicksilver dragon armour
rNeg   + + .     Faith    .     b - +0 shield {rF+}
rPois  +         Spirit   .     r - +2 hat of Fortification {rN++}
rElec  .         Dismiss  .     d - +4 cloak of the Old World {rPois MR+ Str-5 Stlth+}
rCorr  .         Reflect  +     (gloves unavailable)
SustAt .         Harm     .     (boots unavailable)
MR     ++++.                    W - amulet of Linearity {Reflect rPois rF++ SH+4}
Stlth  +.........               J - +6 ring of evasion
                                U - +4 ring of slaying

@: very slightly contaminated, incredibly resistant to hostile enchantments,
very unstealthy
A: unfitting armour, tough skin 1
a: Recite, Vitalisation, Imprison, Sanctuary, Donate Gold, Renounce Religion
0: Orb of Zot
}: 3/15 runes: serpentine, barnacled, abyssal


You escaped.
You worshipped Zin.
Zin was exalted by your worship.
You were not hungry.

You visited 11 branches of the dungeon, and saw 50 of its levels.
You visited the Abyss 2 times.
You visited 1 bazaar.
You also visited: Labyrinth and Volcano.

You collected 6227 gold pieces.
You spent 2360 gold pieces at shops.
You donated 457 gold pieces to Zin.

Inventory:

Hand Weapons
 a - the +11 morningstar "Eos" {elec, -Tele rElec SInv}
   (You took it off a minotaur in a labyrinth)

   Occasionally, upon striking a foe, it will discharge some electrical energy
   and cause terrible harm.
   It insulates you from electricity.
   It lets you see invisible.
   It prevents most forms of teleportation.
 q - a +9 eveningstar of distortion (weapon)
Missiles
 y - 9 throwing nets
 N - 48 large rocks (quivered)
Armour
 b - a +0 shield of fire resistance (worn)
 d - the +4 cloak of the Old World (worn) {rPois MR+ Str-5 Stlth+}
   (You found it on level 1 of the Orcish Mines)

   It affects your strength (-5).
   It protects you from poison.
   It affects your resistance to hostile enchantments.
   It makes you more stealthy.
 g - a +2 hat of see invisible
 r - the +2 hat of Fortification (worn) {rN++}
   (You acquired it on level 12 of the Dungeon)

   It greatly protects you from negative energy.
 K - a quicksilver dragon armour (worn)
Jewellery
 t - an uncursed ring of protection from magic
 G - an uncursed ring of resist corrosion
 I - the amulet "Ipem" {Reflect rC++ Int+2 SH+4}
   (You took it off a deep elf annihilator on level 3 of the Elven Halls)

   [amulet of reflection]

   It shields you and reflects attacks.
   It affects your intelligence (+2).
   It greatly protects you from cold.
   It affects your SH (+4).
 J - a +6 ring of evasion (right hand)
 R - an uncursed ring of flight
 U - a +4 ring of slaying (left hand)
 W - the amulet of Linearity (around neck) {Reflect rPois rF++ SH+4}
   (You took it off a deep elf death mage on level 3 of the Elven Halls)

   [amulet of reflection]

   It shields you and reflects attacks.
   It greatly protects you from fire.
   It protects you from poison.
   It affects your SH (+4).
Wands
 w - a wand of confusion (19/48)
 x - a wand of heal wounds (4/9)
 B - a wand of hasting (6/9)
 F - a wand of teleportation (5/9)
 L - a wand of hasting (2/9)
Scrolls
 e - 7 scrolls of teleportation
 h - 9 scrolls of blinking
 j - 19 scrolls of remove curse
 k - a scroll of fear
 n - 6 scrolls of recharging
 v - 10 scrolls of fog
 C - 13 scrolls of identify
 H - 2 scrolls of vulnerability
 M - 2 scrolls of summoning
 P - 2 scrolls of holy word
 Q - a scroll of immolation
 T - a scroll of silence
Potions
 o - 15 potions of curing
 p - 2 potions of cancellation
 z - 5 potions of berserk rage
 D - 2 potions of haste
 E - 2 potions of brilliance
 O - 2 potions of might
 S - 3 potions of invisibility
 Z - 3 potions of magic
Miscellaneous
 i - a phial of floods (inert)
 m - 2 sacks of spiders
 s - 2 phantom mirrors
 A - a fan of gales (inert)
 V - a lamp of fire
Comestibles
 c - 3 bread rations
 f - 9 meat rations
 u - 41 fruits


   Skills:
 - Level 23.7 Fighting
 - Level 19.2 Maces & Flails
 - Level 5.6 Throwing
 - Level 11.9 Armour
 - Level 23.9 Dodging
 - Level 1.5 Stealth
 - Level 11.5 Shields
 + Level 3.6 Spellcasting
 * Level 3.8 Charms
 * Level 4.0 Air Magic
 - Level 13.6 Invocations
 - Level 10.1 Evocations


You had 18 spell levels left.
You knew the following spells:

 Your Spells              Type           Power        Failure   Level  Hunger
a - Shadow Creatures      Summ           N/A          100%        6    #######
b - Blink                 Tloc           N/A          77%         2    ###....
c - Apportation           Tloc           #.........   52%         1    #......
d - Spectral Weapon       Hex/Chrm       #.......     69%         3    ###....
r - Repel Missiles        Chrm/Air       #.....       14%         2    ###....


Dungeon Overview and Level Annotations

Branches:
Dungeon (15/15)            Temple (1/1) D:7            Lair (6/6) D:11
 Shoals (4/4) Lair:2        Snake (4/4) Lair:2        Slime (0/5) Lair:6
    Orc (2/2) D:12            Elf (3/3) Orc:2        Vaults (4/5) D:14
  Crypt (0/3) Vaults:2     Depths (5/5) D:15           Hell (1/1)
    Dis (0/7) Hell            Tar (0/7) Hell            Zot (5/5) Depths:5
    Geh: Hell:1         Coc: Hell:1

Altars:
Ashenzari
Cheibriados
Dithmenos
Elyvilon
Fedhas
Gozag
Kikubaaqudgha
Okawaru
Qazlal
Ru
Sif Muna
Trog
Uskayaw
Vehumet
Xom
Yredelemnul
Zin
Beogh

Shops:
D:11 }   D:12 ?   Orc:1 (   Orc:2 [([:   Shoals:3 ?   Shoals:4 *   Snake:1 *%!=

Portals:
Hell: Depths:1 Depths:2 Depths:3 Depths:4
Abyss: Depths:3
Pandemonium: Depths:3
Trove: D:14 (give horn of Geryon)

Annotations:
D:6 exclusion: downstairs
D:7 exclusion: ice statue, Joseph
D:8 exclusion: downstairs
D:9 exclusion: 2 downstairs
D:10 exclusion: downstairs
Lair:6 exclusion: oklob plant
Shoals:4 weirdsound's ghost, adept TrMo
Vaults:4 Bai Suzhen
Depths:3 exclusion: upstairs
Zot:5 Tiamat
Abyss:1 Aizul; Geryon; Ilsuiw; Sojobo


Innate Abilities, Weirdness & Mutations

You are too large for most types of armour.
You have tough skin. (AC +1)


Message History

The fireball engulfs the hell hog.
The hell hog resists.
You spit the hell hog like the proverbial pig!!!
Space warps horribly around the hell hog!
You kill the hell hog!
The balrug gestures at you. Something smites you!
You see here a hell hog corpse.
Unknown command.
There is an open door here.
You block the torturous demonspawn's attack.
The monstrous blood saint mumbles some strange prayers to its god against you.
The fireball explodes!
The fireball engulfs you! You resist.
The monstrous blood saint mumbles some strange prayers to its god against you.
The mass of ice explodes!
The iceblast engulfs you!
Things that are here:
a club; 4 stones
There is an open door here.
You see here a stone.
There is a staircase leading out of the dungeon here.
You have escaped!

#.?..≈.........§§.§§.§.≈.....#.#
#....≈..###########2##§≈§....#.#
#....≈..##..........##.§§....#.#
#...[≈..##.......6.###.§.....#.#
#....≈≈.##......6..##.≈≈.....#.#
#....≈..####)########..≈.....#.#
#....≈..####2########§§§.....#.##
#....≈≈...##......##..≈§§....#.##
#....≈....##....@(##.§.§.....#.##
#....≈....##..(...##...≈...!.#.##
#....≈≈...##########..§§.....#.##
#....≈≈≈≈.##########.≈§≈.....#.##
#...§≈≈≈≈............§§§.....#.#
#....≈≈≈≈§§§.......≈§§§§.§...#.##
#......§≈≈§≈§≈§...§§§§≈≈.....#...
#..........§≈≈§≈≈≈§≈≈§≈§§....#...
#..........§.≈§≈≈§≈§.........#...


You could see a balrug.

Vanquished Creatures
  Saint Roka (Snake:3)
  A caustic shrike (Depths:3)
  3 golden dragons
  A hellephant (Depths:3)
  3 tentacled monstrosities
  5 liches
  A deep elf blademaster (Elf:3)
  Asterion (Snake:1)
  An Orb Guardian (Zot:5)
  7 tentacled starspawn
  A sphinx (Abyss:1)
  The ghost of araganzar the Spry, an adept MfFi of Hepliaklqana (Vaults:1)
  5 tengu reavers
  2 death cobs
  Agnes (D:14)
  3 shadow dragons
  2 storm dragons
  A revenant (Abyss:2)
  A draconian monk (Depths:5)
  11 greater nagas
  Maud (Lair:4)
  5 fire giants
  Donald (Elf:1)
  A ghost moth (Zot:4)
  2 deep elf sorcerers
  3 orc warlords
  6 frost giants
  10 vault wardens
  Louise (Snake:1)
  5 deep elf elementalists (Elf:3)
  An iron dragon (Depths:3)
  A juggernaut zombie (Depths:1)
  3 draconian shifters
  5 ironheart preservers
  A spriggan defender (Depths:3)
  3 reapers
  3 vampire knights
  20 very ugly things
  A deep elf demonologist (Elf:3)
  6 stone giants
  2 draconian annihilators (Zot:2)
  A green draconian (Zot:1)
  16 dire elephants
  Azrael (Orc:2)
  2 red draconians
  3 lorocyprocas
  12 deep elf annihilators
  A white draconian (Zot:5)
  A mottled draconian (Zot:4)
  The ghost of Warped the Spear-Bearer, a journeyman OpMo of Hepliaklqana (Lair:4)
  11 ettins
  3 merfolk javelineers
  2 spark wasps (Depths:3)
  Erolcha (D:11)
  A purple draconian (Depths:5)
  6 merfolk impalers
  8 deep elf death magi
  A blizzard demon (Hell)
  6 fire dragons
  A jiangshi (Vaults:2)
  11 ogre magi
  5 deep elf high priests (Elf:3)
  A green death (Depths:3)
  4 great orbs of eyes
  5 yaktaur captains
  3 hydras
  9 vault guards
  20 naga warriors
  A spriggan air mage (Depths:5)
  The ghost of Marethyu the Blocker, a journeyman FoFi of Okawaru (D:11)
  2 rakshasas
  3 catoblepae (Lair:6)
  4 ice dragons
  10 centaur warriors
  21 anacondas
  A merfolk avatar (Shoals:3)
  2 merfolk aquamancers (Shoals:4)
  A satyr (Shoals:3)
  6 deep troll shamans
  12 death yaks
  6 tengu warriors
  17 dancing weapons
  4 orc high priests
  9 hell hogs
  4 deep troll earth magi
  21 naga sharpshooters
  2 vampire magi
  8 spriggan berserkers
  7 thrashing horrors
  18 shock serpents
  6 soul eaters
  11 sun demons
  2 spriggans
  The ghost of heiberg the Grappler, a novice TrMo of Dithmenos (D:11)
  9 deep elf knights
  17 small abominations
  4 salamander mystics (Snake:4)
  7 iron trolls
  5 wretched stars
  2 fire crabs
  A shadow wraith (Abyss:2)
  A titan skeleton (Hell)
  7 sea snakes
  6 spatial maelstroms
  6 unseen horrors
  A sea snake (shapeshifter) (Depths:1)
  A deep troll (shapeshifter) (Depths:2)
  5 flayed ghosts
  A giant orange brain (shapeshifter) (Vaults:3)
  3 shadow demons
  9 giant orange brains
  A golden dragon zombie (Hell)
  A golden dragon skeleton (Depths:1)
  13 deep trolls
  5 naga ritualists
  7 deep elf archers
  An orange crystal statue (Depths:1)
  An anubis guard (shapeshifter) (Depths:3)
  11 ironbrand convokers
  A harpy (shapeshifter) (Elf:1)
  A phantasmal warrior (D:12)
  10 necromancers
  11 orc knights
  6 wizards
  A wolf spider zombie (D:15)
  4 lindwurms (Snake:4)
  47 deep elf magi
  11 hill giants
  2 frost giant zombies
  9 griffons
  16 mana vipers
  A fire giant zombie (Hell)
  7 harpies
  An anaconda skeleton (Hell)
  2 hornets
  An orb spider (Abyss:2)
  38 ugly things
  7 orc sorcerers
  A hornet (shapeshifter) (Vaults:1)
  13 manticores
  3 wolf spiders
  4 moths of wrath
  A manticore (shapeshifter) (Depths:3)
  A shining eye (Abyss:1)
  A shining eye (shapeshifter) (Elf:2)
  A shadow dragon skeleton (Hell)
  4 cyclopes
  7 fauns
  An octopode (shapeshifter) (Vaults:4)
  13 salamanders
  A stone giant skeleton (Hell)
  A worldbinder (Abyss:3)
  6 rust devils
  3 sixfirhies
  17 elephants
  39 naga magi
  5 water nymphs
  An apocalypse crab (Abyss:3)
  6 sirens
  A guardian serpent (shapeshifter) (Depths:5)
  11 vault sentinels
  An eye of devastation (shapeshifter) (Depths:3)
  The ghost of neil the Cudgeler, a novice VSBe of Trog (D:6)
  10 guardian serpents
  12 spiny frogs
  A water nymph (shapeshifter) (Depths:4)
  50 black mambas
  2 gargoyles
  3 rime drakes
  A hellion (Hell)
  A torpor snail (shapeshifter) (Vaults:1)
  3 orange demons
  14 smoke demons
  2 kobold demonologists (D:15)
  2 efreet
  9 komodo dragons
  24 yaktaurs
  3 hellwings (Abyss:2)
  A spark wasp simulacrum (Depths:2)
  An ice devil (D:7)
  A rime drake (shapeshifter) (Vaults:4)
  3 tengu conjurers
  A spriggan druid (Lair:4)
  3 ancient zymes
  A queen bee (Depths:3)
  A hydra zombie (Hell)
  3 red devils
  13 trolls
  17 two-headed ogres
  An elf skeleton (Depths:1)
  29 merfolk
  A meliai (shapeshifter) (Vaults:3)
  A raiju (shapeshifter) (Elf:1)
  A blink frog (Abyss:3)
  A hydra skeleton (Hell)
  3 boulder beetles
  2 polar bears
  2 harpy skeletons
  11 raiju
  8 snapping turtles
  11 slime creatures
  A wind drake (Shoals:3)
  A meliai zombie (D:11)
  A centaur simulacrum (D:12)
  A fire giant simulacrum (Vaults:1)
  An alligator zombie (Hell)
  3 flying skulls
  7 air elementals
  A tarantella (Vaults:4)
  A redback (Vaults:4)
  A spriggan (shapeshifter) (Vaults:2)
  4 vampires
  An ice dragon skeleton (Hell)
  17 water elementals
  2 shadows
  A ynoxinul (Abyss:2)
  2 fire dragon skeletons
  24 large abominations
  A tarantella (shapeshifter) (Depths:3)
  4 wraiths
  2 wyverns (Lair:5)
  4 hungry ghosts
  7 fire elementals
  A basilisk (Lair:6)
  3 fire bats (Shoals:1)
  The ghost of coolguy69 the Shield-Bearer, an amateur FoFi (D:3)
  21 humans
  5 vampire mosquitoes
  4 neqoxecs
  29 yaks
  2 chaos spawn
  13 hippogriffs
  A human zombie (Depths:1)
  Menkaure (D:7)
  3 mottled dragons
  14 wargs
  A warg (shapeshifter) (Depths:3)
  42 nagas
  A soldier ant (shapeshifter) (Vaults:2)
  A swamp worm (shapeshifter) (Vaults:4)
  12 spatial vortices
  7 hell hounds
  26 water moccasins
  11 porcupines
  2 giant eyeballs (Depths:3)
  4 sky beasts
  54 orc warriors
  A swamp drake (D:12)
  6 black bears
  A black bear (shapeshifter) (Vaults:1)
  6 ice beasts
  2 wasps
  2 eyes of draining
  15 boggarts
  An ettin simulacrum (Hell)
  2 eyes of draining (shapeshifter)
  56 ogres
  2 phantoms
  13 wolves
  A snapping turtle skeleton (Abyss:2)
  25 centaurs
  14 crocodiles
  A swamp dragon skeleton (Hell)
  6 big kobolds
  2 elf zombies (Elf:1)
  16 giant frogs
  2 yaktaur zombies (Hell)
  An earth elemental (Elf:1)
  A water moccasin zombie (D:10)
  A wyvern skeleton (D:6)
  3 scorpions
  17 wights
  36 killer bees
  11 jellies
  5 electric eels
  3 howler monkeys
  4 crimson imps
  3 quasits
  A giant frog zombie (D:11)
  4 centaur zombies
  24 starcursed masses
  25 orc wizards
  2 centaur skeletons
  27 orc priests
  Crazy Yiuf (D:5)
  9 hounds
  2 giant frog skeletons
  4 iron imps
  16 iguanas
  15 hell rats (Lair:2)
  13 worker ants
  13 sheep
  An ogre zombie (Abyss:1)
  A hound zombie (D:11)
  2 hound skeletons
  A mummy (Volcano)
  A worker ant zombie (D:5)
  6 gnolls
  17 adders
  45 river rats
  3 shadow imps
  A white imp (Abyss:3)
  6 ufetubi
  3 oozes
  2 adder skeletons
  4 worms
  3 dart slugs
  7 giant geckos
  142 orcs
  3 ball pythons
  12 bats
  6 giant cockroaches
  11 hobgoblins
  10 jackals
  4 quokkas
  5 giant newts
  16 goblins
  A jackal zombie (D:7)
  19 kobolds
  A quokka skeleton (D:9)
  13 rats
  A butterfly (Lair:4)
  2 crawling corpses (Elf:3)
  4 lost souls (Hell)
  A pillar of salt (Hell)
  A plant (Depths:5)
  9 starspawn tentacles
  A starspawn tentacle segment (Abyss:4)
2272 creatures vanquished.

Vanquished Creatures (collateral kills)
  Xtahua (Vaults:3)
  A golden dragon (Depths:3)
  Nikola (Depths:2)
  A spriggan defender (Depths:2)
  A minotaur (Lab)
  An ironbrand convoker (Vaults:3)
  An orc knight (Depths:3)
  2 ugly things (Depths:2)
  An elephant (shapeshifter) (Vaults:3)
  A naga mage (Snake:3)
  A water nymph (Shoals:4)
  A hungry ghost (D:11)
13 creatures vanquished.

Vanquished Creatures (others)
  A caustic shrike (Depths:3)
  A deep elf master archer (Elf:3)
  2 sphinxes
  An ancient champion (Vaults:2)
  3 storm dragons
  A draconian knight (Zot:5)
  A frost giant (Vaults:4)
  A vault warden (Vaults:2)
  A balrug (Hell)
  A deep elf elementalist (Elf:3)
  4 stone giants
  5 very ugly things
  2 ironheart preservers (Vaults:3)
  2 green draconians
  2 white draconians
  2 dire elephants (Depths:2)
  A yellow draconian (Depths:5)
  A purple draconian (Zot:5)
  5 merfolk javelineers
  An ettin (Vaults:3)
  A fire dragon (Zot:2)
  A yaktaur captain (Vaults:4)
  A merfolk impaler (Shoals:4)
  5 great orbs of eyes
  2 ice dragons
  2 deep elf high priests
  A rakshasa (Depths:1)
  A vault guard (Vaults:3)
  A hell beast (Depths:2)
  A centaur warrior (Vaults:2)
  A merfolk aquamancer (Shoals:2)
  2 merfolk avatars (Shoals:1)
  2 ogre magi
  A tengu warrior (Depths:3)
  A hell hog (Hell)
  A deep troll shaman (Depths:1)
  A satyr (Shoals:3)
  3 deep troll earth magi
  A sea snake (shapeshifter) (Vaults:1)
  4 deep elf archers
  A flayed ghost (Vaults:4)
  A giant orange brain (Depths:3)
  An orange crystal statue (Vaults:2)
  3 orc knights
  2 deep elf magi
  2 ironbrand convokers
  2 manticores
  4 fauns
  A wolf spider (Vaults:3)
  3 ugly things
  A shadow dragon skeleton (Hell)
  A griffon (Shoals:1)
  2 moths of wrath
  3 water nymphs (Shoals:3)
  A guardian serpent (Snake:4)
  A rust devil (Hell)
  A naga mage (Snake:1)
  2 vault sentinels
  2 black mambas
  2 spriggan zombies (Hell)
  10 yaktaurs
  2 hydra zombies (Hell)
  2 tengu conjurers
  3 merfolk
  A wind drake (Shoals:2)
  2 slime creatures
  2 boulder beetles (Vaults:4)
  A two-headed ogre (Depths:2)
  3 snapping turtles
  An ettin skeleton (Hell)
  An air elemental (Depths:5)
  A hippogriff (D:8)
  A water elemental (Depths:3)
  A human zombie (Hell)
  A hydra simulacrum (Hell)
  3 orc warriors
  4 ogres
  3 centaurs
  A wolf (Lair:6)
  2 giant frogs (D:8)
  A wyvern zombie (D:8)
  3 killer bees (Depths:3)
  A hound (D:8)
  A worker ant (D:8)
  A sheep (Lair:6)
  9 orcs
  A giant gecko skeleton (D:8)
  A bush (Lair:6)
  89 fungi
  5 lost souls (Hell)
  2 lurking horrors (Abyss:2)
  14 pillars of salt
  59 plants
  14 starspawn tentacles
  808 starspawn tentacle segments
1161 creatures vanquished.

Grand Total: 3446 creatures vanquished

Notes
Turn   | Place    | Note
--------------------------------------------------------------
     0 | D:1      | zinstreak the Ogre Monk began the quest for the Orb.
     0 | D:1      | Reached XP level 1. HP: 24/24 MP: 1/1
   403 | D:1      | Reached XP level 2. HP: 32/32 MP: 2/2
   444 | D:1      | Reached skill level 5 in Maces & Flails
   595 | D:1      | Reached XP level 3. HP: 39/39 MP: 3/3
  1564 | D:2      | Reached XP level 4. HP: 34/48 MP: 4/4
  1878 | D:2      | Found a shadowy altar of Dithmenos.
  2025 | D:2      | Found a white marble altar of Elyvilon.
  2757 | D:3      | Reached XP level 5. HP: 45/54 MP: 5/5
  2780 | D:3      | Noticed coolguy69's ghost (amateur FoFi)
  2787 | D:3      | Killed coolguy69's ghost
  2787 | D:3      | Reached XP level 6. HP: 53/62 MP: 6/6
  3217 | D:3      | Found a bloodstained altar of Trog.
  3681 | D:3      | Reached skill level 10 in Maces & Flails
  3681 | D:3      | Reached XP level 7. HP: 70/70 MP: 7/7
  4061 | D:4      | Found a radiant altar of Vehumet.
  4237 | D:4      | Reached skill level 1 in Throwing
  4265 | D:4      | Found a basalt altar of Yredelemnul.
  4778 | D:5      | Entered Level 5 of the Dungeon
  4840 | D:5      | Reached XP level 8. HP: 65/78 MP: 8/8
  5312 | D:5      | Noticed Sigmund
  5408 | D:5      | Noticed Crazy Yiuf
  5416 | D:5      | Killed Crazy Yiuf
  5901 | D:5      | Noticed Sigmund
  5901 | D:5      | Sigmund changed into Sigmund the porcupine
  5907 | D:5      | Killed Sigmund the porcupine
  6234 | D:5      | Reached skill level 5 in Throwing
  6824 | D:6      | Noticed neil's ghost (novice VSBe)
  7694 | D:6      | Reached XP level 9. HP: 84/84 MP: 9/9
  7789 | D:5      | Reached skill level 1 in Evocations
  8321 | D:6      | Killed neil's ghost
  8321 | D:6      | Reached skill level 5 in Fighting
  8328 | D:6      | Reached skill level 5 in Dodging
  8702 | D:7      | Noticed an ice statue
  8726 | D:7      | Noticed Joseph
  8771 | D:7      | Found a shattered altar of Ashenzari.
  9247 | D:7      | Noticed Menkaure
  9263 | D:7      | Killed Menkaure
  9629 | D:7      | Found a staircase to the Ecumenical Temple.
  9632 | D:7      | Noticed a manticore
  9662 | D:7      | Killed a manticore
  9662 | D:7      | Reached XP level 10. HP: 42/102 MP: 10/10
  9716 | Temple   | Entered the Ecumenical Temple
  9751 | Temple   | Became a worshipper of Zin the Law-Giver
  9751 | Temple   | Reached * piety under Zin
  9751 | Temple   | Reached ** piety under Zin
  9751 | Temple   | Reached *** piety under Zin
 10280 | D:7      | Reached skill level 1 in Invocations
 11848 | D:8      | Reached **** piety under Zin
 12246 | D:8      | Reached skill level 5 in Invocations
 12585 | D:8      | Found a shimmering altar of Xom.
 12658 | D:8      | Found a blossoming altar of Fedhas.
 13576 | D:9      | Noticed a centaur warrior
 13891 | D:9      | Killed a centaur warrior
 13891 | D:9      | Reached XP level 11. HP: 80/109 MP: 15/18
 14130 | D:10     | Entered Level 10 of the Dungeon
 14131 | D:10     | Found an opulent altar of Gozag.
 14175 | D:10     | Noticed a hill giant
 14176 | D:10     | Noticed a hill giant
 14449 | D:10     | Reached skill level 10 in Invocations
 15144 | D:10     | Reached ***** piety under Zin
 15181 | D:10     | Killed a hill giant
 15557 | D:10     | Killed a hill giant
 15810 | D:10     | Noticed a hill giant
 15828 | D:10     | Killed a hill giant
 15990 | D:11     | Noticed Marethyu's ghost (journeyman FoFi)
 16269 | D:11     | Noticed Erolcha
 16287 | D:11     | Killed Erolcha
 16542 | D:11     | Killed Marethyu's ghost
 16557 | D:11     | Noticed a cyclops
 16571 | D:11     | Killed a cyclops
 16581 | D:11     | Noticed heiberg's ghost (novice TrMo)
 16611 | D:11     | Killed heiberg's ghost
 16770 | D:11     | Found a staircase to the Lair.
 16770 | D:11     | Noticed a centaur warrior
 16783 | D:11     | Killed a centaur warrior
 16783 | D:11     | Reached XP level 12. HP: 57/118 MP: 20/22
 17793 | D:11     | Found Redara's Gadget Emporium.
 17798 | D:11     | Bought a sack of spiders for 220 gold pieces
 17798 | D:11     | Bought a wand of confusion (22/48) for 198 gold pieces
 17798 | D:11     | Bought a wand of lightning (7/15) for 121 gold pieces
 18304 | D:12     | Found Etewn's Magic Scroll Shop.
 18325 | D:12     | Bought a scroll of fear for 52 gold pieces
 18325 | D:12     | Bought a scroll of fear for 52 gold pieces
 19267 | D:12     | Reached skill level 5 in Evocations
 19760 | D:12     | Found a staircase to the Orcish Mines.
 20499 | Orc:1    | Entered Level 1 of the Orcish Mines
 22054 | Orc:1    | Noticed an orc warlord
 22074 | Orc:1    | Noticed a sun demon
 22240 | Lair:1   | Entered Level 1 of the Lair of Beasts
 22290 | Lair:1   | Reached XP level 13. HP: 113/124 MP: 23/23
 22532 | Lair:1   | Found a dark tunnel.
 22545 | Volcano  | Entered a volcano
 23141 | Lair:1   | Learned a level 6 spell: Shadow Creatures
 24174 | Lair:2   | Found a staircase to the Snake Pit.
 24407 | Lair:2   | Found a staircase to the Shoals.
 24608 | Lair:2   | Reached skill level 10 in Evocations
 26307 | Snake:1  | Entered Level 1 of the Snake Pit
 26579 | Snake:1  | Noticed Asterion
 28566 | Lair:4   | Found a labyrinth entrance.
 28566 | Lair:4   | Noticed Warped's ghost (journeyman OpMo)
 28575 | Lab      | Entered a labyrinth
 28807 | Lab      | Noticed a minotaur
 28819 | Lab      | Killed a minotaur
 28938 | Lair:4   | Noticed Maud
 28954 | Lair:4   | Killed Maud
 29302 | Lair:4   | Killed Warped's ghost
 29536 | Lair:4   | Reached XP level 14. HP: 132/140 MP: 24/24
 29924 | Lair:4   | Reached skill level 1 in Armour
 30848 | Lair:5   | Reached skill level 10 in Fighting
 31178 | Lair:6   | Entered Level 6 of the Lair of Beasts
 31409 | Lair:6   | Reached skill level 10 in Dodging
 31611 | Lair:6   | Found a staircase to the Slime Pits.
 32009 | Lair:6   | Found a white marble altar of Elyvilon.
 33700 | Lair:6   | Reached XP level 15. HP: 69/154 MP: 25/25
 34676 | Orc:1    | Killed an orc warlord
 34724 | Orc:1    | Noticed an orc warlord
 34772 | D:12     | Killed an orc warlord
 35296 | Orc:1    | Reached ****** piety under Zin
 35323 | Orc:1    | Got a pitted cloak
 35334 | Orc:1    | Identified the +4 cloak of the Old World {rPois MR+ Str-5 Stlth+} (You found it on level 1 of the Orcish Mines)
 35427 | Orc:1    | Found Katolataa's Weapon Shoppe.
 35521 | Orc:2    | Entered Level 2 of the Orcish Mines
 36012 | Orc:2    | Found a roughly hewn altar of Beogh.
 36047 | Orc:2    | Found a roughly hewn altar of Beogh.
 36095 | Orc:2    | Noticed Azrael
 36108 | Orc:2    | Killed Azrael
 36114 | Orc:2    | Reached skill level 5 in Armour
 36339 | Orc:2    | Found a staircase to the Elven Halls.
 36545 | Orc:2    | Noticed an orc warlord
 36557 | Orc:2    | Killed an orc warlord
 36781 | Orc:2    | Found Guttes's Antique Weapon Shoppe.
 36784 | Orc:2    | Found a roughly hewn altar of Beogh.
 36787 | Orc:2    | Found Evos Qoji's Antique Armour Emporium.
 36867 | Orc:2    | Found a roughly hewn altar of Beogh.
 36868 | Orc:2    | Found Qieb's Antique Armour Shop.
 36892 | Orc:2    | Reached skill level 15 in Maces & Flails
 36988 | Orc:2    | Found a roughly hewn altar of Beogh.
 36998 | Orc:2    | Found Buduvaf's Book Shoppe.
 37203 | Orc:2    | Bought a dull robe for 182 gold pieces
 37213 | Orc:2    | Identified the +5 robe "Qosmilae" {Stlth+} (You bought it in a shop on level 2 of the Orcish Mines)
 37403 | D:12     | Bought a scroll of acquirement for 780 gold pieces
 37404 | D:12     | Got a blackened hat
 37415 | D:12     | Identified the +2 hat of Fortification {rN++} (You acquired it on level 12 of the Dungeon)
 38463 | D:14     | Found a flickering gateway to a bazaar.
 38479 | Bazaar   | Entered a bazaar
 38479 | Bazaar   | Found Yxkuisch's Weapon Shop.
 38489 | Bazaar   | Found Vemops's Distillery.
 38490 | Bazaar   | Found Qagoesurei's Magic Scroll Boutique.
 38504 | Bazaar   | Found Asaykuan's Antique Weapon Shop.
 38509 | Bazaar   | Found Jegyoss's Distillery.
 38561 | Bazaar   | Bought a potion of agility for 60 gold pieces
 38567 | Bazaar   | Bought a scroll of enchant weapon for 105 gold pieces
 38567 | Bazaar   | Bought a scroll of enchant armour for 105 gold pieces
 38567 | Bazaar   | Bought a scroll of identify for 28 gold pieces
 38573 | Bazaar   | Bought a potion of curing for 45 gold pieces
 38573 | Bazaar   | Bought a potion of curing for 45 gold pieces
 38598 | Bazaar   | Bought a giant club for 54 gold pieces
 38785 | D:14     | Noticed Agnes
 38806 | D:14     | Killed Agnes
 39333 | D:14     | Found a gate to the Vaults.
 39336 | D:14     | Reached XP level 16. HP: 167/167 MP: 26/26
 39930 | D:14     | Found a portal to a secret trove of treasure.
 39953 | D:15     | Entered Level 15 of the Dungeon
 40297 | D:15     | Got a transparent giant club
 40298 | D:15     | Identified the +5 giant club of the Hierophant {freeze, +Rage rPois rF+ Dex+5} (You acquired it on level 15 of the Dungeon)
 40893 | D:15     | Found a staircase to the Depths.
 42139 | Snake:1  | Noticed an Executioner
 42388 | Snake:1  | Noticed an Executioner
 42398 | Snake:1  | Killed Asterion
 42408 | Snake:1  | Found Wyah's General Store.
 42899 | Snake:1  | Found Oxirchoki's Food Shoppe.
 42928 | Snake:1  | Noticed Louise
 42949 | Snake:1  | Killed Louise
 43831 | Snake:1  | Found Dises's Jewellery Emporium.
 44139 | Snake:1  | Found Xaadauk's Distillery.
 44258 | Snake:1  | Reached XP level 17. HP: 170/180 MP: 27/27
 47116 | Snake:3  | Noticed Saint Roka
 48872 | Snake:3  | Killed Saint Roka
 48872 | Snake:3  | Reached skill level 15 in Fighting
 48872 | Snake:3  | Reached skill level 15 in Dodging
 50009 | Snake:3  | Reached XP level 18. HP: 164/193 MP: 28/28
 50147 | Snake:4  | Entered Level 4 of the Snake Pit
 50225 | Snake:4  | Reached skill level 1 in Shields
 53519 | Snake:4  | Reached XP level 19. HP: 165/206 MP: 29/29
 53773 | Snake:4  | Got a serpentine rune of Zot
 54184 | Elf:1    | Entered Level 1 of the Elven Halls
 54530 | Elf:1    | Noticed Donald
 54545 | Elf:1    | Killed Donald
 54800 | Elf:1    | Identified the Catalogue of Evil Magic
 55921 | Elf:2    | Found a runed gate.
 55921 | Elf:2    | Found a runed gate.
 55928 | Elf:2    | Found a runed gate.
 56482 | Vaults:1 | Entered Level 1 of the Vaults
 56845 | Vaults:1 | Noticed araganzar's ghost (adept MfFi)
 56869 | Vaults:1 | Killed araganzar's ghost
 57524 | Vaults:1 | Reached XP level 20. HP: 221/221 MP: 30/30
 58174 | Vaults:2 | Found a staircase to the Crypt.
 59035 | Vaults:2 | Reached skill level 5 in Shields
 60508 | Vaults:3 | Noticed Xtahua
 60527 | Vaults:3 | Killed Xtahua
 60943 | Vaults:3 | Noticed Bai Suzhen
 60973 | Vaults:3 | who is dis
 61495 | Vaults:3 | Reached XP level 21. HP: 220/232 MP: 28/31
 61976 | Vaults:4 | Identified Sif Muna's Almanac of Talismans and Moulding
 61981 | Vaults:4 | Learned a level 2 spell: Blink
 62029 | Vaults:4 | Noticed Sojobo
 62542 | Vaults:4 | Got a warped robe
 62543 | Vaults:4 | Identified the +1 robe "Onkus" {+Fly} (You found it on level 4 of the Vaults)
 62574 | Vaults:4 | Found a radiant altar of Vehumet.
 62598 | Vaults:4 | Got a steaming hat
 62599 | Vaults:4 | Identified the +1 hat of Imirar {rPois rF- Int+5 Dex+8} (You found it on level 4 of the Vaults)
 62642 | Vaults:4 | Got a brightly glowing robe
 62643 | Vaults:4 | Identified the +2 robe of Lies {rC+ rCorr Dex+4} (You found it on level 4 of the Vaults)
 62646 | Vaults:4 | Got a heavily jewelled robe
 62647 | Vaults:4 | Identified the +1 robe of Amelioration {Regen+} (You found it on level 4 of the Vaults)
 63117 | Vaults:4 | Banished Sojobo
 63230 | Vaults:4 | Got a faintly glowing plate armour
 63231 | Vaults:4 | Identified the +5 plate armour "Bemil" {rF+ rN+ Str-3} (You found it on level 4 of the Vaults)
 64035 | Shoals:1 | Entered Level 1 of the Shoals
 64048 | Shoals:1 | Noticed Aizul
 64060 | Shoals:1 | Banished Aizul
 65418 | Shoals:3 | Found Mujagaj's Magic Scroll Shop.
 65453 | Shoals:3 | Bought a scroll of summoning for 161 gold pieces
 66041 | Shoals:4 | Entered Level 4 of the Shoals
 66364 | Shoals:4 | Noticed weirdsound's ghost (adept TrMo)
 66532 | Shoals:4 | Found Ifut Tosk's General Store.
 66578 | Shoals:4 | Reached XP level 22. HP: 145/247 MP: 32/32
 66580 | Shoals:4 | Bought a scroll of recharging for 152 gold pieces
 67067 | Shoals:4 | Noticed Ilsuiw
 67416 | Shoals:4 | Banished Ilsuiw
 67766 | Shoals:4 | Got a barnacled rune of Zot
 68023 | Depths:1 | Entered Level 1 of the Depths
 68118 | Depths:1 | Found a gateway to Hell.
 69010 | Depths:2 | Noticed Mara
 69013 | Depths:2 | Noticed zinstreak's illusion
 69024 | Depths:2 | Noticed zinstreak's illusion
 69024 | Depths:2 | Noticed Nikola
 69831 | Elf:3    | Entered Level 3 of the Elven Halls
 70771 | Elf:3    | Reached skill level 10 in Shields
 71786 | Elf:3    | Got a fine golden amulet
 72400 | Elf:3    | Identified the amulet of Linearity {Reflect rPois rF++ SH+4} (You took it off a deep elf death mage on level 3 of the Elven Halls)
 72487 | Elf:3    | Got a distressingly furry robe
 72489 | Elf:3    | Identified the cursed +1 robe of Bamit {rF+ Str+2} (You found it on level 3 of the Elven Halls)
 72862 | Elf:3    | Reached XP level 23. HP: 256/260 MP: 33/33
 72962 | Elf:3    | Got a slimy bone amulet
 72964 | Elf:3    | Identified the amulet "Ipem" {Reflect rC++ Int+2 SH+4} (You took it off a deep elf annihilator on level 3 of the Elven Halls)
 73915 | Depths:2 | Noticed zinstreak's illusion
 74168 | Depths:2 | Killed Nikola
 74589 | Depths:3 | Found a runed door.
 74842 | Depths:3 | Noticed a caustic shrike
 74882 | Depths:3 | Noticed a golden dragon
 75022 | Depths:3 | Paralysed by a giant eyeball for 2 turns
 75316 | Depths:3 | Noticed a caustic shrike
 75714 | Depths:3 | Killed a caustic shrike
 75770 | Depths:3 | Banished a caustic shrike
 77237 | Depths:3 | Killed a golden dragon
 77505 | Depths:3 | Reached XP level 24. HP: 273/273 MP: 33/33
 78295 | Depths:3 | Got a polished cloak
 78296 | Depths:3 | Identified the cursed +0 cloak of Goxusu Dape {+Blink} (You found it on level 3 of the Depths)
 78305 | Depths:3 | Found a one-way gate leading to the halls of Pandemonium.
 78306 | Depths:3 | Found a one-way gate to the infinite horrors of the Abyss.
 78324 | Depths:3 | Got a translucent steel ring
 78325 | Depths:3 | Identified the cursed ring "Pukisoc" {AC-3 Slay+2} (You found it on level 3 of the Depths)
 78334 | Depths:3 | Learned a level 1 spell: Apportation
 78376 | Depths:3 | Identified the Guide on Good Luck and the Glacier (You found it on level 3 of the Depths)
 78933 | Hell     | Entered the Vestibule of Hell
 78933 | Hell     | Noticed Geryon
 79816 | Depths:3 | Reached skill level 10 in Armour
 80300 | Hell     | Banished Geryon
 80368 | Hell     | Found a gateway to the Iron City of Dis.
 80909 | Hell     | Found a gateway to the decaying netherworld of Tartarus.
 81041 | Depths:3 | Voluntarily entered the Abyss.
 81537 | Depths:3 | Escaped the Abyss
 81758 | Depths:3 | Voluntarily entered the Abyss.
 81814 | Abyss:2  | Paralysed by accursed screaming for 1 turns
 81822 | Abyss:2  | Paralysed by accursed screaming for 1 turns
 81838 | Abyss:2  | Paralysed by accursed screaming for 1 turns
 81864 | Abyss:2  | Got a shimmering platinum amulet
 81885 | Abyss:2  | Identified the amulet of Attitude {Dismiss MR+ Str+3} (You found it on level 2 of the Abyss)
 82821 | Abyss:2  | Found a stormy altar of Qazlal.
 82887 | Abyss:2  | Reached XP level 25. HP: 199/287 MP: 33/33
 83507 | Abyss:3  | Found a corrupted altar of Lugonu.
 83528 | Abyss:3  | Got an abyssal rune of Zot
 83956 | Depths:3 | Escaped the Abyss
 84186 | Depths:5 | Entered Level 5 of the Depths
 84279 | Depths:5 | Found a gate to the Realm of Zot.
 84390 | Zot:1    | Entered Level 1 of the Realm of Zot
 85695 | Vaults:4 | Learned a level 2 spell: Repel Missiles
 85990 | Zot:2    | Reached skill level 1 in Spellcasting
 86027 | Zot:2    | Learned a level 3 spell: Spectral Weapon
 86307 | Zot:2    | Reached skill level 1 in Charms
 86307 | Zot:2    | Reached skill level 1 in Air Magic
 86599 | Zot:5    | Entered Level 5 of the Realm of Zot
 87938 | Depths:4 | Reached XP level 26. HP: 299/299 MP: 33/33
 88179 | Zot:5    | Noticed an orb of fire
 88404 | Zot:5    | Noticed an orb of fire
 88412 | Zot:5    | Got the Orb of Zot
 88415 | Zot:5    | Noticed an ancient lich
 88433 | Zot:5    | Noticed an ancient lich
 88449 | Zot:5    | Gained mutation: You expend magic power (3 MP) to strengthen your wands. [an orb of fire]
 88456 | Zot:5    | Noticed an ancient lich
 88465 | Zot:5    | Noticed Tiamat
 88480 | Zot:5    | Noticed an ancient lich
 88540 | Zot:3    | Gained mutation: You are frail. (-10% HP) [mutagenic glow]
 88678 | Depths:4 | Received a gift from Zin
 88678 | Depths:4 | Lost mutation: You are frail. (-10% HP) [Zin's power]
 88678 | Depths:4 | Lost mutation: You expend magic power (3 MP) to strengthen your wands. [Zin's power]
 88842 | D:13     | Noticed Jizudu the pandemonium lord
 88987 | D:6      | Noticed Qehidor the pandemonium lord
 89206 | D:$      | Escaped with the Orb!

Vault maps used:
D:1:      erik_arrival_gehennom
D:2:      minmay_door_path, grunt_dithmenos_smoke, elyvilon_altar_5, first_bread
D:3:      kennysheep_six_static_rooms, trog_three_pillars_becter
D:4:      fiery_altar_vehumet, yredelemnul_altar_generic
D:5:      serial_park_tiny_1, uniq_crazy_yiuf_cottage, uniq_sigmund
D:7:      lemuel_ice_statue, ashenzari_altar_1,
          minmay_temple_entry_purple_smoke, uniq_joseph, uniq_menkaure
D:8:      hangedman_tree_tricks, kennysheep_nondescript, xom_confusion_cloud
D:9:      kennysheep_generic_room_7
D:10:     basic_altar, kennysheep_crisscross
D:11:     minmay_lair_entry_lava, serial_shops, nicolae_shop_behind_doors,
          nicolae_benzene_ring, eino_tiny_chamber, uniq_erolcha
D:12:     boulder_corridor_run, erik_orc_1, serial_shops, shop,
          lightli_wizard_tower
D:14:     grunt_vaults_entry_tiered, enter_trove_6, serial_shops,
          bzr_entry_gold, uniq_agnes
D:15:     grunt_enter_depths_magical_seal, minmay_misc_feat_roman
Temple:   grunt_circular_temple_18
Lair:1:   enter_volcano_3
Lair:2:   lemuel_ratsnest, shoals_dummy_entry, minmay_snake_entry_six_corridors,
          beast_lair_carwin_2, lemuel_fruit_fields, serial_bayou_shore_a,
          infiniplex_staircase_pool_2
Lair:4:   lab_entry_generic, kilobyte_rumbling_trees, uniq_maud
Lair:5:   bh_chokoban, small_statue_intersection
Lair:6:   evilmike_catoblepas_cave, nicolae_slime_entry_slimehenge,
          lemuel_oklob_altar, grunt_megastairs_4
Shoals:1: hangedman_shoal_volcano, uniq_aizul
Shoals:3: serial_shops, shop, nicolae_shoals_square_sea_wall
Shoals:4: shoals_end_grunt_ice, shoals_ilsuiw_ice, serial_shops,
          nicolae_shop_trees, uniq_ilsuiw
Snake:1:  serial_shops, nicolae_shop_waterfront,
          nicolae_shop_temple_entry_statues_fountains,
          nicolae_shop_window_shopping, shop, grunt_megastairs_3, uniq_asterion,
          uniq_louise
Snake:2:  nicolae_sea_snake_s, grunt_ministairs_11, evilmike_ambush
Snake:3:  uniq_saint_roka
Snake:4:  snake_pit_salamanders_mu
Orc:1:    serial_shops, nicolae_shop_crystal, minmay_orc_treasury
Orc:2:    grunt_orc_community_town_hall, grunt_orc_community_big_house_1,
          grunt_orc_community_big_house_2, grunt_orc_community_house_1,
          grunt_orc_community_house_1, grunt_orc_community_house_1,
          grunt_orc_community_house_3, uniq_azrael
Elf:1:    eino_elf_arrival_customs, minmay_elf_necromancy, uniq_donald
Elf:2:    hangedman_corner_corridor
Elf:3:    minmay_elf_hall_spiked, hangedman_decor_cross_pass
Vaults:1: st_squares, v_pattern_4, vaults_room_boxed,
          nicolae_vaults_twisting_passages, ontoclasm_vaults_claustrophobia,
          hangedman_vaults_stream, ontoclasm_vaults_idyll,
          ontoclasm_vaults_decontamination, ontoclasm_vaults_idyll,
          vaults_dpeg_hooks, vaults_room_grunt_arrival_checkpoint
Vaults:2: nicolae_vaults_back_hallway, v_misc_4, v_misc_31, v_misc_12,
          nicolae_vaults_border_crossing, nicolae_vaults_statue_guard,
          vaults_room_semicircle, nicolae_vaults_little_squares_6,
          minmay_crypt_entry_simple_box, vaults_room_corners,
          nicolae_vaults_yaktaur_gun_rack
Vaults:3: ontoclasm_vaults_hangar, vaults_mumra_chevron_long,
          grunt_vaults_hallway_long, ontoclasm_vaults_fault,
          vaults_room_stairs_pillars, vaults_dpeg_ring, dpeg_vaults_monster_box,
          hangedman_vaults_snaps, ontoclasm_vaults_gateway, vaults_room_fours,
          uniq_xtahua, uniq_bai_suzhen
Vaults:4: ontoclasm_vaults_tryst, v_misc_19, grunt_tower_of_power,
          grunt_vaults_hallway_short, nicolae_vaults_rhombus_6, v_pattern_5,
          ontoclasm_vaults_spin, v_misc_15, vaults_room_grid, v_alt_pattern_2,
          vaults_mumra_lcd, uniq_sojobo
Depths:1: grunt_decor_resistance, hell_entry, dpeg_stationary_puzzle,
          kennysheep_random_hallway
Depths:2: mu_elephants_graveyard, serial_sigils_hangedman_gut,
          grunt_mini_vestibule, uniq_nikola, uniq_mara
Depths:3: box_level_dp, abyss_entry, pan_entry, hell_entry
Depths:4: kennysheep_room_grid, special_room, hell_entry, kennysheep_path_1,
          abyss_entry, kennysheep_kite_vault
Depths:5: grunt_zot_entry_tricorne, enter_ziggurat_e, hell_entry,
          serial_bayou_pond_e, rand_demon_pan_entry_4, guppyfry_shop_venom
Zot:2:    grunt_megastairs_2
Zot:3:    grunt_ministairs_3
Zot:4:    circus_mu
Zot:5:    uniq_tiamat
Abyss:2:  hangedman_shadowy_showcase, hangedman_decor_peaks_small
Abyss:3:  hangedman_relentless_pull
Abyss:4:  evilmike_abyss_exit_5
Lab:      labyrinth_watery, nicolae_lab_very_dead_end
Bazaar:   bazaar_kb_twisted_cavern
Volcano:  volcano_tomb

Skill      XL: |  1  2  3  4  5  6  7  8  9 10 11 12 13 14 15 16 17 18 19 20 21 22 23 24 25 26 |
---------------+-------------------------------------------------------------------------------+-----
Maces & Flails | 5 6 7 8 10 11 12 14 15 16 17 18 19 | 19.2
Throwing       | 2 5 |  5.6
Dodging        | 6 7 9 11 12 13 15 16 17 19 20 21 22 23 | 23.9
Evocations     | 1 8 10 | 10.1
Fighting       | 7 9 11 12 14 15 16 17 18 20 21 22 23 | 23.7
Invocations    | 9 13 | 13.6
Armour         | 4 5 7 8 9 11 | 11.9
Shields        | 2 3 6 8 10 11 | 11.5
Spellcasting   | 3 |  3.6
Charms         | 3 |  3.8
Air Magic      | 3 4 |  4.0
Stealth        | |  1.5

Action                   |  1- 3 |  4- 6 |  7- 9 | 10-12 | 13-15 | 16-18 | 19-21 | 22-24 | 25-27 || total
-------------------------+-------+-------+-------+-------+-------+-------+-------+-------+-------++-------
Melee: Mace              |     9 |       |       |       |       |       |       |       |       ||     9
       Whip              |    68 |   181 |   404 |  1218 |   707 |       |       |       |       ||  2578
       Flail             |       |       |       |     6 |    41 |       |       |       |       ||    47
       Morningstar       |       |       |       |       |   925 |  1069 |       |       |       ||  1994
       Giant club        |       |       |       |       |       |   396 |   418 |       |       ||   814
       Eveningstar       |       |       |       |       |       |       |  1530 |  2252 |   906 ||  4688
 Fire: Blowgun           |       |       |       |    29 |       |       |       |       |       ||    29
Throw: Javelin           |       |       |     6 |     1 |       |       |       |       |       ||     7
       Large rock        |       |       |       |       |     6 |     2 |     2 |       |       ||    10
 Cast: Repel Missiles    |       |       |       |       |       |       |       |       |     1 ||     1
Invok: Recite            |       |       |       |    37 |    19 |    24 |    32 |    50 |     7 ||   169
       Vitalisation      |       |       |       |     8 |    13 |    24 |    14 |    18 |     9 ||    86
       Imprison          |       |       |       |     1 |     1 |     1 |       |     2 |     2 ||     7
       Sanctuary         |       |       |       |       |       |     1 |       |     1 |       ||     2
       Cure All Mutation |       |       |       |       |       |       |       |       |     1 ||     1
 Abil: Evoke Flight      |       |       |       |     1 |       |       |       |     1 |     1 ||     3
       Evoke Berserk Rag |       |       |       |       |       |     1 |       |       |       ||     1
Evoke: Wand              |       |       |     2 |    15 |    13 |     7 |     5 |     6 |    15 ||    63
       Sack of spiders   |       |       |       |     1 |     1 |       |       |     3 |     1 ||     6
       Phial of floods   |       |       |       |       |     1 |     3 |     2 |     2 |     2 ||    10
       Lamp of fire      |       |       |       |       |       |     2 |       |       |       ||     2
       Phantom mirror    |       |       |       |       |       |       |       |     2 |       ||     2
       Fan of gales      |       |       |       |       |       |       |       |       |     1 ||     1
  Use: Scroll            |     2 |     7 |    11 |    14 |    13 |    13 |    18 |    21 |    22 ||   121
       Potion            |     2 |       |     8 |     4 |     4 |     7 |     5 |     6 |     9 ||    45
 Stab: Sleeping          |     7 |     2 |     4 |     2 |    12 |     1 |     9 |     4 |     3 ||    44
       Distracted        |       |       |     1 |     2 |     1 |     1 |     4 |     4 |     3 ||    16
       Paralysed         |       |       |       |    14 |     5 |       |     5 |     2 |       ||    26
       Invisible         |       |       |       |    12 |     9 |     5 |       |     1 |       ||    27
       Confused          |       |       |       |     9 |    16 |    29 |    33 |     5 |     1 ||    93
  Eat: Chunk             |     2 |     7 |    12 |    15 |    26 |     7 |     2 |       |       ||    71
       Pizza             |       |       |     1 |     3 |     3 |       |     4 |       |       ||    11
       Meat ration       |       |       |     1 |     3 |     2 |     4 |       |     5 |       ||    15
       Bread ration      |       |       |     1 |     1 |     2 |     5 |     8 |     3 |     4 ||    24
       Fruit             |       |       |       |    11 |     3 |       |     2 |     1 |       ||    17
       Royal jelly       |       |       |       |       |     1 |       |     1 |     3 |       ||     5
       Beef jerky        |       |       |       |       |       |       |     1 |    10 |     5 ||    16
Armor: Robe              |    29 |    33 |    92 |   151 |    75 |       |       |       |       ||   380
       Skin              |       |       |     3 |       |       |       |       |       |       ||     3
       Quicksilver drago |       |       |       |       |   171 |   326 |   301 |   367 |   151 ||  1316
Dodge: Dodged            |    40 |    82 |   157 |   648 |  1210 |  1190 |  1132 |  1554 |   774 ||  6787
       Deflected         |       |       |       |       |       |       |       |       |     2 ||     2
Block: Other             |       |       |       |    47 |    77 |    82 |    52 |       |       ||   258
       Reflection        |       |       |       |     4 |     9 |    56 |   104 |    80 |    25 ||   278
       Shield            |       |       |       |       |    65 |   457 |   904 |  1458 |   660 ||  3544
